 Dungeon Crawl Stone Soup version 0.29.1-2-gbd0b4ee654 (webtiles) character file.

Game seed: 3556578029205652353

57 KittyFluff the Trooper (level 4, -3/29 HPs)
             Began as a Gargoyle Berserker on Oct 26, 2022.
             Was a Believer of Trog.
             Slain by an iguana (6 damage)
             ... on level 3 of the Dungeon.
             The game lasted 00:07:01 (1816 turns).

KittyFluff the Trooper (Gargoyle Berserker)         Turns: 1816, Time: 00:07:02

Health: -3/29      AC:  6    Str: 20    XL:     4   Next: 0%
Magic:  4/4        EV: 12    Int:  8    God:    Trog [**....]
Gold:   79         SH:  0    Dex: 11    Spells: 3/3 levels left

rFire   . . .      SeeInvis .   a - +0 mace
rCold   + . .      Faith    .   (no shield)
rNeg    + . .      Spirit   .   s - +0 robe
rPois   ∞          Reflect  .   (no helmet)
rElec   +          Harm     .   (no cloak)
rCorr   .          Rampage  .   (no gloves)
Will    .....                   d - +0 pair of boots
Stlth   +.........              (no amulet)
HPRegen 0.09/turn               q - ring of protection from cold
MPRegen 0.09/turn               (no ring)

@: no status effects
A: sickness immunity, AC +3, negative energy resistance 1, electricity
resistance, torment resistance 1, petrification resistance
a: Renounce Religion, Berserk, Trog's Hand


You were on level 3 of the Dungeon.
You worshipped Trog.
Trog was pleased with you.
You visited 1 branch of the dungeon, and saw 3 of its levels.

You collected 79 gold pieces.

Inventory:

Hand Weapons
 a - a +0 mace (weapon)
 b - a +0 sling
Armour
 d - a +0 pair of boots (worn)
 s - a +0 robe (worn)
Magical Staves
 m - a staff of death
Jewellery
 q - a ring of protection from cold (left hand)
Scrolls
 e - a scroll of blinking {unknown}
 f - a scroll of enchant weapon {unknown}
 g - 2 scrolls of noise {unknown}
 i - 2 scrolls of identify {unknown}
 j - a scroll of magic mapping {unknown}
 l - a scroll of vulnerability {unknown}
 n - a scroll of amnesia {unknown}
 p - a scroll of silence {unknown}
 r - a scroll of butterflies {unknown}
 t - a scroll of enchant armour {unknown}
Potions
 c - 2 potions of mutation {unknown}
 h - a potion of attraction {unknown}
 k - a potion of brilliance {unknown}
 o - a potion of cancellation {unknown}


   Skills:
 + Level 3.9 Fighting
 + Level 3.6 Maces & Flails
 * Level 2.9 Armour
 + Level 1.9 Dodging
 + Level 0.2 Stealth


You had 3 spell levels left.
You didn't know any spells.
Your spell library was empty.

Dungeon Overview and Level Annotations

Branches:
Dungeon (3/15)

Altars:


Innate Abilities, Weirdness & Mutations

You are immune to sickness and miasma.
Your stone body is resilient. (AC +3)
You are immune to poison.
You resist negative energy. (rN+)
You are resistant to electric shocks. (rElec)
You are resistant to unholy torment.
You are immune to petrification.


Message History

You closely miss the adder.
The adder is severely wounded.
The adder barely misses you. x2
You hit the adder.
You kill the adder!
Trog accepts your kill.
You have reached level 4!
You feel clever.
You see here an adder corpse.
Found a stone staircase leading down.
You hear the slow rusting of a drain nearby.
There is a stone staircase leading down here.
There is a stone staircase leading down here.
An iguana comes into view.
The iguana hisses angrily.
The iguana bites you!
You hit the iguana.
The iguana is lightly wounded.
The iguana closely misses you.
You sock the iguana!
The iguana is heavily wounded.
The iguana bites you.
You hit the iguana but do no damage.
The iguana is heavily wounded.
The iguana closely misses you.
You hit the iguana.
The iguana is severely wounded.
The iguana bites you.
The iguana bites you but does no damage.
You barely miss the iguana.
The iguana is severely wounded.
The iguana bites you!
* * * LOW HITPOINT WARNING * * *
You hit the iguana.
The iguana is almost dead.
The iguana misses you.
You closely miss the iguana.
The iguana is almost dead.
The iguana bites you.
You die...

# #. .. #.###
##.#.... ##
......## ..
#......# .# #..
#..##..#
#..##.....#
#....#.#########.#
##....>....@l....#
###.#############
#†# #......#.###
#.####.####.#...#
#......# #.#.#.#
######## #.#.#.#
#.#<#.# #.###.#
#.# #.#


You could see an iguana.

Vanquished Creatures
  A gnoll (D:1)
  An adder (D:3)
  An orc (D:2)
  2 bats (D:2)
  4 endoplasms
  A giant cockroach (D:1)
  7 goblins
  4 hobgoblins
  3 jackals (D:2)
  A quokka (D:1)
  3 ball pythons
  A frilled lizard (D:2)
  2 kobolds
  2 rats (D:2)
33 creatures vanquished.

Notes
Turn   | Place    | Note
-------+----------+-------------------------------------------
     0 | D:1      | KittyFluff the Gargoyle Berserker began the quest for the
                  | Orb.
     0 | D:1      | Reached XP level 1. HP: 14/14 MP: 1/1
   127 | D:1      | Reached XP level 2. HP: 16/19 MP: 2/2
   394 | D:1      | Reached XP level 3. HP: 7/24 MP: 3/3
  1045 | D:2      | Reached ** piety under Trog
  1796 | D:3      | Reached XP level 4. HP: 28/29 MP: 4/4
  1816 | D:3      | Slain by an iguana

Illustrated notes

Levels and vault maps discovered:
D:1:      dpeg_arrival_more_subterranean_lakeside_camping, layout_basic
D:2:      layout_loops_cross
D:3:      layout_basic, shapermc_ecumenical_altar_rom_forum,
          gup_sewer_entry_glass, uniq_ijyb

Action                   |  1- 3 |  4- 6 || total
-------------------------+-------+-------++-------
Melee: Mace              |   101 |     7 ||   108
       Punch             |     1 |       ||     1
Armor: Animal skin       |    32 |       ||    32
       Robe              |     9 |     1 ||    10
Dodge: Dodged            |    72 |     3 ||    75
